 Dungeon Crawl Stone Soup version 0.25-a0-35-g747a2b3c0c (webtiles) character file.

Game seed: 1841921467776391464, levelgen mode: deterministic

48335 kkknotok the Spry (level 14, -6/61 HPs)
             Began as a Felid Enchanter on Oct 18, 2019.
             Was the Champion of Ashenzari.
             Mangled by a harpy (8 damage)
             ... on level 1 of the Shoals on Oct 19, 2019.
             The game lasted 05:35:42 (40137 turns).

kkknotok the Spry (Felid Enchanter)                Turns: 40137, Time: 05:35:43

Health: -6/61      AC:  6    Str:  4    XL:     14   Next: 11%
Magic:  21/21      EV: 39    Int: 18    God:    Ashenzari [******]
Gold:   2985       SH:  0    Dex: 20    Spells: 0/23 levels left
                                        Lives:  0   Deaths: 2

rFire    . . .     SeeInvis +     - Unarmed
rCold    + . .     Gourm    .   (shield unavailable)
rNeg     . . .     Faith    .   (armour unavailable)
rPois    .         Spirit   .   (helmet unavailable)
rElec    .         Reflect  .   (cloak unavailable)
rCorr    .         Harm     .   (gloves unavailable)
MR       ++...     Clarity  +   (boots unavailable)
Stlth    +++++++...             o - amulet of magic regeneration (curse)
HPRegen  0.20/turn              F - +4 ring of evasion (curse)
MPRegen  0.42/turn              j - +3 ring of protection (curse)

@: confusing touch, deflect missiles, quick
A: very small, no armour, no weapons or thrown items, stealth, claws 1, fangs 3,
see invisible, carnivore, speed 1, low mp 1, shaggy fur 3, slow metabolism 1,
sharp paws
a: Curse Item, Scrying, Transfer Knowledge, Renounce Religion


You were on level 1 of the Shoals.
You worshipped Ashenzari.
Ashenzari was exalted by your worship.
You were completely stuffed.

You visited 5 branches of the dungeon, and saw 24 of its levels.
You also visited: Bailey, Gauntlet and Ice Cave.

You collected 2985 gold pieces.

Inventory:

Jewellery
 c - an uncursed ring of stealth
 d - an uncursed ring of magical power
 j - a cursed +3 ring of protection (right paw)
 o - a cursed amulet of magic regeneration (around neck)
 r - an uncursed amulet of regeneration
 F - a cursed +4 ring of evasion (left paw)
 T - an uncursed ring of fire
 V - an uncursed ring of protection from magic
Wands
 i - a wand of paralysis (11)
 m - a wand of digging (21)
 A - a wand of acid (35)
 H - a wand of random effects (55)
 M - a wand of iceblast (5)
 R - a wand of polymorph (27)
 W - a wand of flame (23)
 X - a wand of enslavement (16)
Scrolls
 h - 8 scrolls of teleportation
 k - 3 scrolls of fog
 n - 6 scrolls of remove curse
 q - 2 scrolls of enchant weapon
 s - 3 scrolls of amnesia
 t - a scroll of holy word {unknown}
 w - 4 scrolls of identify
 y - 3 scrolls of magic mapping
 C - a scroll of noise {unknown}
 G - a scroll of vulnerability {unknown}
 L - 2 scrolls of silence
 N - a scroll of torment {unknown}
 P - a scroll of acquirement {unknown}
 S - 6 scrolls of immolation
 Y - a scroll of summoning {unknown}
Potions
 a - 4 potions of flight
 e - 17 potions of curing
 f - 2 potions of mutation
 g - 3 potions of magic
 l - 4 potions of haste
 p - a potion of resistance {unknown}
 u - a potion of agility {unknown}
 v - a potion of lignification
 z - 2 potions of brilliance
 B - a potion of invisibility {unknown}
 E - a potion of experience {unknown}
 K - 2 potions of cancellation
 Q - a potion of might {unknown}
 U - a potion of ambrosia {unknown}
 Z - 2 potions of heal wounds
Miscellaneous
 I - a lamp of fire
 J - a crystal ball of energy
 O - a phial of floods
Comestibles
 b - 40 rations
 x - 4 chunks of flesh


   Skills:
 * Level 7.6 Fighting
 + Level 18.2 Dodging
 - Level 15.1 Stealth
 - Level 13.6 Unarmed Combat
 - Level 5.4 Spellcasting
 - Level 14.0(18.1) Hexes
 - Level 5.1(9.5) Charms
 - Level 4.3(8.6) Translocations
 - Level 6.0(10.5) Ice Magic
 - Level 5.1(9.5) Air Magic
 - Level 1.1(3.7) Evocations


You couldn't memorise any spells.
You knew the following spells:

 Your Spells              Type           Power        Failure   Level  Hunger
a - Corona                Hex            ######.      0%          1    None
b - Confuse               Hex            ######..     1%          3    ##.....
c - Ensorcelled Hibernat  Hex/Ice        ######       1%          2    #......
d - Deflect Missiles      Chrm/Air       #####.....   36%         6    #######
e - Dazzling Spray        Conj/Hex       #####.       1%          3    ##.....
f - Confusing Touch       Hex            ######       0%          1    None
g - Ozocubu's Armour      Chrm/Ice       #####...     1%          3    ##.....
h - Shroud of Golubria    Chrm/Tloc      #####.       1%          2    #......
i - Blink                 Tloc           N/A          1%          2    #......

Your spell library contained the following spells:

 Spells                   Type           Power        Failure   Level  Hunger
 Slow                     Hex            ######..     0%          2    #......
 Apportation              Tloc           #####.       1%          1    None
 Infusion                 Chrm           ####         1%          1    None
 Shock                    Conj/Air       ###.         1%          1    None
 Song of Slaying          Chrm           #####...     1%          2    #......
 Swiftness                Chrm/Air       #####...     1%          2    #......
 Tukima's Dance           Hex            ######..     1%          3    ##.....
 Airstrike                Air            #####.....   2%          4    ####...
 Regeneration             Chrm/Necr      ###.......   4%          3    ##.....
 Static Discharge         Conj/Air       ###.....     4%          3    ##.....
 Mephitic Cloud           Conj/Pois/Air  ###.....     9%          3    ##.....
 Animate Skeleton         Necr           N/A          10%         1    None
 Beastly Appendage        Tmut           #.....       10%         1    None
 Magic Dart               Conj           #...         10%         1    None
 Summon Small Mammal      Summ           #...         10%         1    None
 Call Imp                 Summ           #.......     14%         2    #......
 Conjure Flame            Conj/Fire      #.......     28%         3    ##.....
 Spider Form              Tmut/Pois      #.........   28%         3    ##.....
 Iskenderun's Battlesphe  Conj/Chrm      ###.....     38%         5    ######.
 Lightning Bolt           Conj/Air       ###.......   38%         5    ######.
 Blade Hands              Tmut           #.........   95%         5    ######.
 Bolt of Magma            Conj/Fire/Erth #.........   95%         5    ######.
 Venom Bolt               Conj/Pois      #.........   95%         5    ######.
 Iron Shot                Conj/Erth      #.........   100%        6    #######
 Orb of Destruction       Conj           #.........   100%        7    #######
 Spellforged Servitor     Conj/Summ      #.........   100%        7    #######
 Spectral Weapon          Hex/Chrm       Unusable     N/A         3    N/A

Dungeon Overview and Level Annotations

Branches:
Dungeon (14/15)            Temple (1/1) D:4            Lair (6/6) D:9
 Shoals (1/4) Lair:2       Spider (0/4) Lair:2        Slime (0/5) Lair:5
    Orc (2/2) D:11            Elf (0/3) Orc:2        Vaults (0/5) D:13
 Bailey (visited)           IceCv (visited)         Gauntlet (visited)

Altars:
Ashenzari
Cheibriados
Dithmenos
Elyvilon
Fedhas
Gozag
Hepliaklqana
Kikubaaqudgha
Makhleb
Nemelex Xobeh
Okawaru
Qazlal
Ru
Sif Muna
Trog
Uskayaw
Vehumet
Wu Jian
Xom
Yredelemnul
Zin
The Shining One

Shops:
Orc:1 [   Orc:2 %?!%

Portals:
Bazaar: D:14

Annotations:
D:13 Frances
D:14 3 runed translucent doors, Fysug's ghost, journeyman HONe


Innate Abilities, Weirdness & Mutations

You cannot wear armour.
You are incapable of wielding weapons or throwing items.
Your paws allow you to move quietly. (Stealth)
You have sharp claws.
You have razor-sharp teeth.
You have supernaturally acute eyesight. (SInv)
You are carnivorous and can eat meat at any time.
You cover ground quickly.
Your thick and shaggy fur keeps you warm. (AC +3, rC+)
You have a slow metabolism.
Your sharp claws are effective at attacking unaware monsters.
Your magical capacity is low. (-10% MP)


Message History

You can't go down here!
The harpy screeches! x2
The harpy misses you. The harpy completely misses you.
The merfolk completely misses you.
The wind drake exhales a fierce blast of wind!
You stop ascending the stairs.
You are blown backwards!
The harpy is blown away by the wind.
The merfolk javelineer shouts!
The merfolk javelineer hits you from afar with a +0 spear!
The harpy claws you.
* * * LOW HITPOINT WARNING * * *
The harpy closely misses you. The wind drake flaps its wings at you.
The air twists around and strikes you!
* * * LOW HITPOINT WARNING * * *
There is a staircase back to the Lair, spattered with blood here.
You see here a throwing net.
The harpy completely misses you. x2; The harpy closely misses you.
The harpy claws you!
You die...

≈≈ ≈
≈≈≈≈≈≈≈≈..≈.≈≈≈≈≈≈≈≈ ≈
≈ ≈≈ ≈ ≈ ≈
≈≈≈≈≈≈..≈≈≈≈≈≈≈≈≈≈≈≈
≈≈≈ ≈ ≈
≈≈≈≈≈≈≈≈≈≈≈≈≈≈≈≈≈ ≈ ≈
≈ ,,≈ ≈
≈≈≈≈≈≈≈.≈≈≈≈≈≈≈≈≈≈≈ ≈≈
≈ **,≈≈
≈≈≈≈≈..#.≈≈≈≈≈≈≈≈≈≈≈
≈≈
≈≈≈≈≈≈≈≈...#..≈≈≈≈≈≈≈≈
≈≈ ≈≈ ≈ ,
>≈≈≈≈≈≈≈.H≈m≈≈≈≈≈≈≈≈
≈≈ ≈ *,≈≈
≈..(...HHk≈≈≈≈≈≈≈≈ ≈≈
≈≈≈≈....H.@≈m≈≈≈≈≈≈ ≈
≈ ≈
≈≈≈≈≈..##...≈≈≈≈≈≈≈≈≈
≈≈≈ ≈ ≈≈≈≈≈≈.
##(≈≈≈≈≈≈≈≈≈ ≈ ≈ ≈ ≈≈
≈≈≈...,, ≈≈≈.≈≈≈≈≈≈
≈≈≈ ≈ ≈≈ ≈
≈≈≈..,,≈.≈≈>..>≈≈≈≈
≈≈≈≈≈≈ ≈ ≈≈ ≈≈≈≈##
,......≈≈≈≈≈≈≈ ≈≈≈≈ ≈≈
≈≈≈ ,* .........≈≈≈≈≈≈
≈≈≈ ≈≈≈,
{,.(......##.≈≈≈ ≈ ≈≈≈
≈≈≈ , ,,, ∆∆ ,##..
.≈≈≈≈≈≈ ≈ ≈


You could see a merfolk javelineer, a wind drake, a merfolk and 4 harpies.

Vanquished Creatures
  Rupert (D:11)
  Gastronok (D:12)
  A dire elephant (Lair:6)
  Snorg (Lair:3)
  A fire dragon (Lair:6)
  2 catoblepae
  8 vault guards (D:13)
  11 hydras
  3 centaur warriors (D:13)
  Erica (D:8)
  4 two-headed ogres
  11 death yaks
  Urug (Lair:1)
  3 orc high priests (Orc:2)
  Sonja (D:12)
  Nergalle (D:12)
  A skeletal warrior (D:14)
  A swamp dragon (Lair:6)
  3 unseen horrors
  7 orc knights
  The ghost of mitkoXXVII the Skirmisher, a novice FoFi (D:9)
  An oklob plant (Lair:2)
  2 manticores (Lair:6)
  3 orc sorcerers (Orc:2)
  3 deep elf magi
  An ugly thing (D:11)
  5 cyclopes
  2 ice statues (IceCv)
  6 elephants
  8 black mambas
  A merfolk siren (Lair:2)
  A torpor snail (Lair:4)
  Joseph (D:10)
  4 rime drakes
  A kobold demonologist (D:9)
  11 komodo dragons
  8 spiny frogs
  8 ice devils (IceCv)
  2 freezing wraiths (D:14)
  3 jumping spiders (Lair:2)
  5 trolls
  2 polar bears
  21 blink frogs
  6 dream sheep
  Grinder (D:5)
  12 hippogriffs
  Sigmund (D:2)
  2 redbacks (Lair:2)
  A wyvern (Lair:6)
  2 vampires
  34 yaks
  A steam dragon (Lair:5)
  Eustachio (D:5)
  2 hungry ghosts
  4 basilisks
  Menkaure (D:5)
  A warg (Orc:2)
  2 acid dragons
  3 swamp drakes
  17 water moccasins
  3 porcupines
  31 orc warriors
  6 black bears
  A hornet zombie (D:14)
  2 necrophages
  18 ogres
  2 ice beasts
  4 sky beasts
  4 phantoms
  12 crocodiles
  10 wolves
  23 centaurs
  12 bullfrogs
  3 big kobolds
  A wyvern skeleton (D:14)
  3 scorpions
  5 wights (D:6)
  An electric eel (Lair:5)
  4 howler monkeys
  3 crimson imps
  2 centaur zombies
  A lava snake (Lair:3)
  4 bullfrog zombies
  7 hounds
  A quasit (D:14)
  A centaur skeleton (D:7)
  19 orc priests
  2 bullfrog skeletons
  19 jellies
  An iron imp (D:10)
  26 orc wizards
  Jessica (D:2)
  A gnoll shaman (D:8)
  9 iguanas
  9 worker ants
  Terence (D:3)
  14 adders
  7 gnolls
  5 shadow imps
  6 white imps
  5 ufetubi (IceCv)
  11 oozes
  2 adder skeletons
  3 adder zombies
  2 worms
  3 dart slugs
  5 leopard geckos
  101 orcs
  2 ball pythons
  9 giant cockroaches
  17 hobgoblins
  15 jackals
  17 kobolds
  5 quokkas
  12 bats
  3 frilled lizards
  15 goblins
  A jackal zombie (D:5)
  2 quokka skeletons
  A quokka zombie (D:5)
  7 rats
776 creatures vanquished.

Vanquished Creatures (others)
  A reaper (IceCv)
  A catoblepas (D:14)
  4 white imps (IceCv)
  7 ufetubi (IceCv)
  An orc (D:10)
  A bat (Orc:1)
  5 bushes
  30 fungi
  34 plants
84 creatures vanquished.

Grand Total: 860 creatures vanquished

Notes
Turn   | Place    | Note
-------+----------+-------------------------------------------
     0 | D:1      | kkknotok the Felid Enchanter began the quest for the Orb.
     0 | D:1      | Reached XP level 1. HP: 7/7 MP: 4/4
   244 | D:1      | Reached skill level 1 in Fighting
   297 | D:1      | Reached XP level 2. HP: 12/12 MP: 3/6
   874 | D:1      | Reached XP level 3. HP: 15/15 MP: 5/7
  1053 | D:1      | Learned a level 3 spell: Confuse
  1794 | D:2      | Reached skill level 5 in Hexes
  1836 | D:2      | Noticed Jessica
  1843 | D:2      | Killed Jessica
  1843 | D:2      | Reached XP level 4. HP: 19/19 MP: 8/8
  1876 | D:2      | Reached skill level 5 in Stealth
  2289 | D:2      | Noticed Sigmund
  2448 | D:2      | Killed Sigmund
  2448 | D:2      | Reached XP level 5. HP: 20/22 MP: 7/9
  2448 | D:2      | Gained mutation: You are covered in thick fur. (AC +2)
                  | [Felid growth]
  2448 | D:2      | Reached XP level 6. HP: 22/25 MP: 7/10
  2767 | D:3      | Found a basalt altar of Yredelemnul.
  2821 | D:3      | Noticed Terence
  2828 | D:3      | Killed Terence
  2889 | D:3      | Found a stormy altar of Qazlal.
  3162 | D:3      | Found a snail-covered altar of Cheibriados.
  3259 | D:3      | Found a shattered altar of Ashenzari.
  3336 | D:3      | Became a worshipper of Ashenzari the Shackled
  3761 | D:3      | Found a faded altar of an unknown god.
  3823 | D:4      | Reached XP level 7. HP: 25/28 MP: 5/11
  4664 | D:4      | Found a staircase to the Ecumenical Temple.
  5202 | D:4      | Reached skill level 3 in Dodging
  5233 | D:4      | Reached XP level 8. HP: 32/32 MP: 13/13
  5556 | Temple   | Entered the Ecumenical Temple
  5987 | D:5      | Entered Level 5 of the Dungeon
  6060 | D:5      | Noticed Grinder
  6067 | D:5      | Killed Grinder
  6067 | D:5      | Reached skill level 5 in Dodging
  6083 | D:5      | Found a sacrificial altar of Ru.
  6212 | D:5      | Reached skill level 6 in Dodging
  6272 | D:5      | Reached * piety under Ashenzari
  6334 | D:5      | Noticed Menkaure
  6342 | D:5      | Killed Menkaure
  6342 | D:5      | Reached skill level 7 in Dodging
  6674 | D:5      | Noticed Eustachio
  6725 | D:5      | Killed Eustachio
  6881 | D:6      | Found an iron altar of Okawaru.
  6962 | D:6      | Reached skill level 5 in Fighting
  7007 | D:6      | Reached XP level 9. HP: 40/40 MP: 14/14
  7065 | D:6      | Reached skill level 5 in Unarmed Combat
  7303 | D:6      | Reached ** piety under Ashenzari
  7333 | D:6      | Learned a level 2 spell: Ensorcelled Hibernation
  7396 | D:6      | Reached skill level 1 in Ice Magic
  7895 | D:6      | Reached skill level 8 in Dodging
  8029 | D:7      | Reached skill level 9 in Dodging
  8531 | D:7      | Reached XP level 10. HP: 44/44 MP: 15/15
  8656 | D:7      | Reached skill level 10 in Stealth
  9502 | D:8      | Noticed an unseen horror
  9523 | D:8      | Killed an unseen horror
  9650 | D:8      | Noticed Erica
  9688 | D:8      | Killed Erica
  9688 | D:8      | Reached skill level 10 in Hexes
  9954 | D:8      | Reached *** piety under Ashenzari
 10029 | D:8      | Found a blossoming altar of Fedhas.
 10402 | D:8      | Found a shadowy altar of Dithmenos.
 10665 | D:9      | Identified the Grimoire of Enhancements and Moulding
 10682 | D:9      | Learned a level 6 spell: Deflect Missiles
 10710 | D:9      | Found a hide-covered altar of Uskayaw.
 10735 | D:9      | Reached skill level 1 in Charms
 10834 | D:9      | Reached skill level 1 in Air Magic
 11144 | D:9      | Found a runed translucent door.
 11171 | D:9      | Found a staircase to the Lair.
 11178 | D:9      | Reached XP level 11. HP: 48/48 MP: 16/16
 11218 | D:9      | Noticed mitkoXXVII's ghost (novice FoFi)
 11242 | D:9      | Killed mitkoXXVII's ghost
 11564 | Lair:1   | Entered Level 1 of the Lair of Beasts
 11771 | Lair:1   | Noticed an eight-headed hydra
 11810 | Lair:1   | Killed an eight-headed hydra
 11810 | Lair:1   | Reached skill level 5 in Ice Magic
 11924 | Lair:1   | Reached **** piety under Ashenzari
 12086 | Lair:1   | Noticed Urug
 12093 | Lair:1   | Killed Urug
 12272 | Lair:1   | Noticed a five-headed hydra
 12279 | Lair:1   | Killed a five-headed hydra
 12648 | Lair:2   | Noticed a five-headed hydra
 12668 | Lair:2   | Killed a five-headed hydra
 12757 | Lair:2   | Found a hole to the Spider Nest.
 12848 | Lair:2   | Found a staircase to the Shoals.
 12923 | Lair:2   | Gained mutation: Your thick and shaggy fur keeps you warm.
                  | (AC +3, rC+) [Felid growth]
 12923 | Lair:2   | Reached XP level 12. HP: 51/51 MP: 17/17
 13879 | Lair:2   | Reached ***** piety under Ashenzari
 14196 | Lair:3   | Reached skill level 5 in Charms
 14314 | Lair:3   | Noticed Snorg
 14328 | Lair:3   | Killed Snorg
 14332 | Lair:3   | Reached skill level 5 in Air Magic
 15758 | Lair:4   | Reached skill level 10 in Dodging
 15827 | Lair:4   | Noticed an eight-headed hydra
 15869 | Lair:4   | Killed an eight-headed hydra
 16060 | Lair:4   | Noticed a seven-headed hydra
 16071 | Lair:4   | Reached skill level 11 in Dodging
 16377 | Lair:4   | Reached skill level 12 in Dodging
 16613 | Lair:4   | Killed a seven-headed hydra
 17240 | Lair:5   | Noticed a death yak
 17250 | Lair:5   | Noticed a death yak
 17342 | Lair:5   | Found a staircase to the Slime Pits.
 17344 | Lair:5   | Noticed a six-headed hydra
 17361 | Lair:5   | Killed a six-headed hydra
 17361 | Lair:5   | Reached XP level 13. HP: 54/54 MP: 21/21
 17508 | Lair:5   | Learned a level 3 spell: Dazzling Spray
 17743 | Lair:4   | Learned a level 1 spell: Confusing Touch
 17926 | Lair:4   | Learned a level 3 spell: Ozocubu's Armour
 18578 | Lair:5   | Reached ****** piety under Ashenzari
 19195 | Lair:6   | Entered Level 6 of the Lair of Beasts
 20472 | Lair:5   | Reached skill level 10 in Unarmed Combat
 21636 | Lair:5   | Learned a level 2 spell: Shroud of Golubria
 24618 | Lair:6   | Reached XP level 14. HP: 58/58 MP: 22/22
 28198 | Lair:6   | Reached skill level 13 in Dodging
 28198 | Lair:6   | Reached skill level 1 in Evocations
 28672 | D:10     | Entered Level 10 of the Dungeon
 28695 | D:10     | Noticed Joseph
 28702 | D:10     | Killed Joseph
 28763 | D:10     | Found a flagged portal.
 28794 | Bailey   | Entered a bailey
 29081 | Bailey   | Reached skill level 14 in Dodging
 30594 | D:11     | Reached skill level 15 in Dodging
 30720 | D:11     | Found a staircase to the Orcish Mines.
 31353 | D:12     | Noticed Rupert
 31377 | D:12     | Noticed Nergalle
 31393 | D:11     | HP: 2/87 [Rupert/+4 antimagic battleaxe (33)]
 31395 | D:11     | Mangled by Rupert
 31396 | D:11     | Reached XP level 13. HP: -8/81 MP: 0/30
 31461 | D:11     | Killed Rupert
 31777 | D:12     | Killed Nergalle
 32034 | D:12     | Noticed Gastronok
 32037 | D:12     | Killed Gastronok
 32037 | D:12     | Reached skill level 16 in Dodging
 32398 | D:12     | Noticed Sonja
 32407 | D:12     | Killed Sonja
 32499 | D:13     | Found a gate leading to a gauntlet.
 32552 | D:13     | Reached XP level 14. HP: 46/58 MP: 14/22
 32601 | Gauntlet | Entered a Gauntlet
 32601 | Gauntlet | Found a transporter.
 32712 | Gauntlet | Found a transporter.
 32727 | Gauntlet | Found a transporter.
 32732 | Gauntlet | Found a transporter.
 32746 | Gauntlet | Noticed a cacodemon
 32747 | Gauntlet | Found a transporter.
 32766 | Gauntlet | Found a transporter.
 32778 | Gauntlet | Found a transporter.
 32784 | Gauntlet | Found a transporter.
 32795 | Gauntlet | Found a large runed translucent door.
 32796 | Gauntlet | Found a large runed translucent door.
 32797 | Gauntlet | Found a large runed translucent door.
 32797 | Gauntlet | Found a large runed translucent door.
 32798 | Gauntlet | Found a runed translucent gate.
 32799 | Gauntlet | Found a transporter.
 32799 | Gauntlet | Found a runed translucent gate.
 32800 | Gauntlet | Found a runed translucent gate.
 32801 | Gauntlet | Found a large runed translucent door.
 32801 | Gauntlet | Found a large runed translucent door.
 32802 | Gauntlet | Found a large runed translucent door.
 32803 | Gauntlet | Found a large runed translucent door.
 32811 | Gauntlet | Found a transporter.
 32813 | Gauntlet | Found a large runed translucent door.
 32813 | Gauntlet | Found a large runed translucent door.
 32813 | Gauntlet | Found a runed translucent door.
 32813 | Gauntlet | Found a runed translucent door.
 32814 | Gauntlet | Found a large runed translucent door.
 32815 | Gauntlet | Found a large runed translucent door.
 32817 | Gauntlet | Found a transporter.
 32817 | Gauntlet | Found a transporter.
 32817 | Gauntlet | Noticed an entropy weaver
 32832 | Gauntlet | Found a transporter.
 32834 | Gauntlet | Noticed a balrug
 32849 | Gauntlet | Found a transporter.
 32872 | Gauntlet | Found a transporter.
 32895 | Gauntlet | Found a transporter.
 32927 | D:13     | Reached skill level 5 in Spellcasting
 32986 | D:13     | Reached skill level 15 in Stealth
 32995 | D:13     | Found a gate to the Vaults.
 33303 | D:13     | Noticed Frances
 33481 | D:13     | Learned a level 2 spell: Blink
 34209 | D:14     | Found a shattered altar of Ashenzari.
 34582 | D:14     | Found a frozen archway.
 34590 | IceCv    | Entered an ice cave
 34817 | IceCv    | Killed a reaper
 35886 | IceCv    | Engulfed by a cloud of freezing vapour
 35887 | IceCv    | Reached XP level 13. HP: 0/57 MP: 22/22
 35933 | D:14     | Reached skill level 17 in Dodging
 36024 | D:14     | Noticed Fysug's ghost (journeyman HONe)
 36024 | D:14     | Noticed a blizzard demon
 36025 | D:14     | Identified the ring "Ironiann" {Fire Str+4}
 36028 | D:14     | Found a gateway to a bazaar.
 36030 | D:14     | Noticed a frost giant
 36055 | D:14     | Found a runed translucent gate.
 36055 | D:14     | Found a runed translucent gate.
 36055 | D:14     | Found a runed translucent gate.
 37545 | Orc:1    | Entered Level 1 of the Orcish Mines
 37642 | Orc:1    | Found Ongum's Antique Armour Boutique.
 38054 | Orc:2    | Entered Level 2 of the Orcish Mines
 38552 | Orc:2    | Found a staircase to the Elven Halls.
 39712 | Orc:2    | Reached skill level 18 in Dodging
 39712 | Orc:2    | Reached XP level 14. HP: 61/61 MP: 18/23
 39779 | Orc:2    | Gained mutation: Your magical capacity is low. (-10% MP) [a
                  | neqoxec]
 39861 | Orc:2    | Found Ebruxtuk's Food Emporium.
 39861 | Orc:2    | Found Kilutoen's Food Shop.
 39890 | Orc:2    | Found Gobb's Distillery.
 39890 | Orc:2    | Found Gelabays's Magic Scroll Emporium.
 40114 | Shoals:1 | Entered Level 1 of the Shoals
 40136 | Shoals:1 | HP: 2/61 [wind drake/the air (15)]
 40137 | Shoals:1 | Mangled by a harpy

Levels and vault maps discovered:
D:1:      lemuel_arrival_room, layout_basic
D:2:      layout_loops_ring, minmay_misc_feat_rugged, uniq_sigmund, uniq_jessica
D:3:      minmay_octagon_keep, layout_rooms, marbit_many_paths,
          lemuel_coloured_pillars_altar, lemuel_round_altar,
          cheibriados_altar_1, chequers_ecumenical_altar_twisty,
          serial_bayou_lake_a, uniq_terence
D:4:      layout_layer_cave, minmay_temple_entry_mini_moons
D:5:      layout_loops_corners, nicolae_ru_great_annihilating_truth,
          first_ration, uniq_eustachio, uniq_grinder, uniq_menkaure
D:6:      layout_gridville, kennysheep_mini_moat
D:7:      layout_basic
D:8:      layout_cave_pools, lemuel_doored_altar, fedhas_ov_isle_minmay,
          hangedman_little_slice_of_home, uniq_erica
D:9:      layout_roguey, eat_drink_and_be_merry_uskayaw, lair_entry_dummy,
          ebering_ghost_reflecting_pool
D:10:     layout_irregular_city, enter_bailey_3, chequers_serial_rivers_micro_e,
          eino_small_chamber_without_monster, hangedman_minor_magic, uniq_joseph
D:11:     layout_loops_ring, hiddenorc2_lemuel, kennysheep_generic_room_11
D:12:     layout_loops_ring, uniq_nergalle, uniq_rupert, uniq_sonja,
          uniq_gastronok
D:13:     layout_loops_ring, erik_vaults_2, gauntlet_entry_generic, uniq_frances
D:14:     layout_roguey, gammafunk_ghost_icy, portal_ice_cave_entry_pillars_2,
          serial_shops, freezing_bzr, nicolae_ashenzari_panopticon
Temple:   nicolae_temple_figure_eight
Lair:1:   cheibrodos_lair_river_kwai, layout_long_grid, uniq_urug
Lair:2:   beast_lair_carwin_large_2, layout_concentric_octagons,
          minmay_shoals_entry_lonely_mermaid, nicolae_spider_entry_tight_spaces
Lair:3:   layout_gridlike, serial_bayou_shore_b, uniq_snorg
Lair:4:   layout_long_grid
Lair:5:   layout_layer_cave, minmay_slime_entry_jelly_boxes,
          serial_bayou_lagoon_a, lemuel_fruit_tree
Lair:6:   guppyfry_lair_end_dragon, layout_loops_ring, hangedman_lair_in_review
Shoals:1: layout_shoals, nicolae_shoals_undead_eyrie
Orc:1:    layout_diamond_mine, serial_shops,
          nicolae_shop_competitors_out_of_business, mines_bat_river
Orc:2:    grunt_orc_tribal_feast, layout_caves

Skill      XL: |  1  2  3  4  5  6  7  8  9 10 11 12 13 14 |
---------------+-------------------------------------------+-----
Fighting       | 1 5 7 6 |  7.6
Unarmed Combat | 2 4 6 7 12 13 | 13.6
Hexes          | 5 8 11 12 14 | 14.0
Stealth        | 7 8 9 11 14 15 | 15.1
Spellcasting   | 3 4 5 |  5.4
Dodging        | 3 7 9 12 18 15 | 18.2
Ice Magic      | 3 6 |  6.0
Charms         | 4 5 |  5.1
Air Magic      | 3 5 |  5.1
Evocations     | 1 |  1.1
Translocations | 4 |  4.3

Action                   |  1- 3 |  4- 6 |  7- 9 | 10-12 | 13-15 || total
-------------------------+-------+-------+-------+-------+-------++-------
Melee: Unarmed           |   108 |   109 |   230 |   345 |  1217 ||  2009
       Bite              |     5 |     7 |    24 |    19 |   129 ||   184
       Punch             |       |     2 |     3 |     6 |    79 ||    90
 Cast: Corona            |    21 |       |    15 |     3 |     2 ||    41
       Confuse           |     6 |    58 |    90 |   126 |   122 ||   402
       Ensorcelled Hiber |       |       |    47 |   137 |   217 ||   401
       Deflect Missiles  |       |       |       |     2 |     1 ||     3
       Dazzling Spray    |       |       |       |       |   145 ||   145
       Confusing Touch   |       |       |       |       |    90 ||    90
       Shroud of Golubri |       |       |       |       |   102 ||   102
       Ozocubu's Armour  |       |       |       |       |    39 ||    39
       Blink             |       |       |       |       |    14 ||    14
Invok: Curse Item        |       |     2 |       |       |     1 ||     3
       Scrying           |       |       |       |       |     1 ||     1
Evoke: Wand              |       |       |       |       |     7 ||     7
  Use: Scroll            |     4 |     1 |     3 |     2 |    14 ||    24
       Potion            |       |       |       |     1 |     9 ||    10
 Stab: Sleeping          |     8 |    13 |    58 |   113 |   138 ||   330
       Distracted        |     1 |       |       |     3 |    15 ||    19
       Confused          |     4 |    22 |    33 |    43 |   104 ||   206
       Invisible         |       |       |     1 |       |    22 ||    23
       Paralysed         |       |       |     1 |       |       ||     1
  Eat: Chunk             |    10 |    10 |    22 |    38 |    71 ||   151
       Ration            |       |       |       |       |     1 ||     1
Armor: Skin              |     8 |     6 |    17 |    14 |    50 ||    95
Dodge: Dodged            |    91 |    80 |   160 |   298 |  1232 ||  1861
       Deflected         |       |       |       |     1 |    22 ||    23

Table legend:
 A = Non-vault XP
 B = Vault XP
 C = Vault XP percentage of total XP
 D = Non-vault monster count
 E = Vault monster count
 F = Vault count percentage of total count
                 A         B        C        D         E       F
            +---------+---------+-------+---------+---------+-------
      Total |   77664 |   57524 |  42.6 |     529 |     247 |  31.8
            +---------+---------+-------+---------+---------+-------
        D:1 |      61 |       0 |   0.0 |      29 |       0 |   0.0
        D:2 |      66 |     264 |  80.0 |      14 |       2 |  12.5
        D:3 |     217 |     125 |  36.5 |      21 |      15 |  41.7
        D:4 |     701 |       0 |   0.0 |      34 |       0 |   0.0
        D:5 |     162 |     676 |  80.7 |       8 |       7 |  46.7
        D:6 |    2097 |       0 |   0.0 |      31 |       0 |   0.0
        D:7 |    1513 |       0 |   0.0 |      40 |       0 |   0.0
        D:8 |    1959 |    1011 |  34.0 |      26 |       9 |  25.7
        D:9 |    2645 |     607 |  18.7 |      31 |       1 |   3.1
       D:10 |    1324 |    1923 |  59.2 |       8 |      21 |  72.4
       D:11 |    2667 |    3616 |  57.6 |      28 |      34 |  54.8
       D:12 |    1461 |    3806 |  72.3 |      16 |       3 |  15.8
       D:13 |    6494 |    7879 |  54.8 |      26 |       8 |  23.5
       D:14 |    9427 |       0 |   0.0 |      31 |       0 |   0.0
     Lair:1 |    3063 |    2922 |  48.8 |      13 |       8 |  38.1
     Lair:2 |    3271 |    3693 |  53.0 |      16 |      12 |  42.9
     Lair:3 |    3803 |    1185 |  23.8 |      16 |       1 |   5.9
     Lair:4 |    8995 |       0 |   0.0 |      35 |       0 |   0.0
     Lair:5 |   15787 |    3834 |  19.5 |      41 |      24 |  36.9
     Lair:6 |    7441 |   11453 |  60.6 |      18 |      28 |  60.9
      Orc:1 |    1763 |      14 |   0.8 |      17 |       6 |  26.1
      Orc:2 |    2747 |    7573 |  73.4 |      30 |      30 |  50.0
     Bailey |       0 |    3228 | 100.0 |       0 |      18 | 100.0
      IceCv |       0 |    3715 | 100.0 |       0 |      20 | 100.0
            +---------+---------+-------+---------+---------+-------
